 Dungeon Crawl Stone Soup version 0.16.1-11-g651b585 (webtiles) character file.

758 Radiman the Digger (level 7, -4/36 HPs)
             Began as a Gargoyle Earth Elementalist on Apr 1, 2015.
             Slain by an iguana (11 damage)
             ... on level 5 of the Dungeon on Apr 2, 2015.
             The game lasted 00:28:21 (5834 turns).

Radiman the Digger (Gargoyle Earth Elementalist)    Turns: 5834, Time: 00:28:21

Health: -4/36      AC:  6    Str: 11    XL:     7   Next: 80%
Magic:  3/19       EV: 12    Int: 18    God:
Gold:   410        SH:  0    Dex: 10    Spells: 4 memorised, 6 levels left

rFire  . . .     SeeInvis .     n - +1 whip (venom)
rCold  . . .     Clarity  .     c - +0 robe
rNeg   + . .     SustAb   .     (no shield)
rPois  ∞         Gourm    .     (no helmet)
rElec  +         Spirit   .     (no cloak)
rCorr  .         Warding  .     (no gloves)
rMut   .         Stasis   .     (no boots)
MR     .....                    (no amulet)
Stlth  ++........               (no ring)
                                (no ring)

@: not resistant to hostile enchantments, unstealthy
A: negative energy resistance 1, electricity resistance, unbreathing,
petrification resistance, rot immunity, AC +4
a: no special abilities


You were on level 5 of the Dungeon.
You were hungry.

You visited 2 branches of the dungeon, and saw 6 of its levels.

You collected 410 gold pieces.

Inventory:

Hand weapons
 n - a +1 whip of venom (weapon)
Missiles
 b - 177 stones (quivered)
Armour
 c - a +0 robe (worn)
Magical devices
 m - a wand of disintegration (9)
Scrolls
 e - 3 scrolls of immolation
 f - 3 scrolls of remove curse
 g - 2 scrolls of amnesia
Potions
 h - 3 potions of curing {unknown}
 i - a potion of heal wounds {unknown}
 j - a potion of flight {unknown}
 l - a potion of lignification {unknown}
Books
 d - a book of Geomancy

   Spells                             Type                      Level
   a - Sandblast                      Earth                        1
   b - Stoneskin                      Transmutation/Earth          2
   c - Passwall                       Transmutation/Earth          3
   d - Stone Arrow                    Conjuration/Earth            3
   e - Petrify                        Transmutation/Earth          4
   f - Lee's Rapid Deconstruction     Earth                        5
Comestibles
 a - 3 bread rations
 k - 4 fruits
 o - a slice of pizza


   Skills:
 - Level 1.5 Dodging
 - Level 2.1 Stealth
 * Level 5.8 Spellcasting
 + Level 4.0 Conjurations
 - Level 0.7 Transmutations
 + Level 6.3 Earth Magic


You had 6 spell levels left.
You knew the following spells:

 Your Spells              Type           Power        Failure   Level  Hunger
a - Sandblast             Erth           ####..       1%          1    None
b - Stoneskin             Trmt/Erth      ###.....     6%          2    None
c - Stone Arrow           Conj/Erth      ###...       4%          3    ##.....
d - Lee's Rapid Deconstr  Erth           ####......   28%         5    #####..


Dungeon Overview and Level Annotations

Branches:
Dungeon (5/15)             Temple (1/1) D:4

Altars:
Ashenzari
Dithmenos
Elyvilon
Gozag
Kikubaaqudgha
Makhleb
Nemelex Xobeh
Okawaru
Qazlal
Ru
Trog
Xom
Yredelemnul
Zin
The Shining One

Annotations:
D:3 Grinder


Innate Abilities, Weirdness & Mutations

You are resistant to torment.
You are immune to poison.
Your stone body is very resilient (AC +4).
You resist negative energy.
You are resistant to electric shocks.
You can survive without breathing.
You are immune to petrification.
You are immune to rotting.


Message History

The blast of sand hits the iguana.
The iguana is severely wounded.
The iguana barely misses you.
Casting: Sandblast
Confirm with . or Enter, or press ? or * to list all spells.
Aiming: Sandblast
Press: ? - help, Shift-Dir - straight line, f/p - iguana
Aim: an iguana (severely wounded)
The blast of sand hits the iguana.
The iguana is almost dead.
The iguana barely misses you.
Casting: Sandblast
Confirm with . or Enter, or press ? or * to list all spells.
Aiming: Sandblast
Press: ? - help, Shift-Dir - straight line, f/p - iguana
Aim: an iguana (almost dead)
The blast of sand misses the iguana.
You are feeling hungry.
The iguana bites you!
You die...

# ..# #.# ...
..# #.# ..# ####
##.# ..# ...#
#... .. .#.# #
#..# .# .#.#
#.##.>####l#
...#
#........@.#
#..#
####..########.#
...#
#..##.......#
##.#
#.....#######
##.# #.##..#
...# #. #..#
...########.
#..#
#...........
#..#
##.#########
#..#


You could see an iguana.

Vanquished Creatures
  2 phantoms (D:4)
  A necrophage (D:5)
  Sigmund (D:2)
  A vampire bat (D:3)
  A hound (D:4)
  A centaur skeleton (D:4)
  An orc wizard (D:4)
  Ijyb (D:4)
  3 gnolls (D:3)
  9 adders
  A worm (D:3)
  An adder skeleton (D:4)
  3 fire bats (D:3)
  4 giant geckos
  An ooze (D:4)
  6 orcs
  2 spectral bats (D:3)
  A ball python (D:2)
  3 bat skeletons (D:3)
  A bat zombie (D:3)
  5 giant cockroaches
  16 goblins
  8 hobgoblins
  6 jackals
  A quokka (D:4)
  17 bats
  A bat simulacrum (D:3)
  3 giant newts
  10 kobolds
  A quokka skeleton (D:4)
  11 rats
123 creatures vanquished.

Notes
Turn   | Place    | Note
--------------------------------------------------------------
     0 | D:1      | Radiman, the Gargoyle Earth Elementalist, began the quest for the Orb.
     0 | D:1      | Reached XP level 1. HP: 10/10 MP: 3/3
   447 | D:1      | Reached XP level 2. HP: 1/15 MP: 0/5
   451 | D:1      | Reached skill level 4 in Earth Magic
  1040 | D:1      | Reached XP level 3. HP: 19/19 MP: 3/6
  1250 | D:1      | Learned a level 2 spell: Stoneskin
  1254 | D:1      | Learned a level 3 spell: Stone Arrow
  1660 | D:2      | Found a basalt altar of Yredelemnul.
  1697 | D:2      | Found a glowing golden altar of the Shining One.
  1888 | D:2      | Noticed Sigmund
  2343 | D:3      | Noticed Grinder
  2522 | D:3      | Paralysed by Grinder for 2 turns
  2603 | D:4      | Reached XP level 4. HP: 22/24 MP: 2/9
  2799 | D:4      | Reached skill level 1 in Conjurations
  3006 | D:4      | Reached XP level 5. HP: 28/28 MP: 8/12
  3324 | D:4      | Noticed Ijyb
  3363 | D:4      | Killed Ijyb
  3363 | D:4      | Reached skill level 5 in Earth Magic
  3495 | D:4      | Found a staircase to the Ecumenical Temple.
  3506 | Temple   | Entered the Ecumenical Temple
  4144 | D:4      | Noticed a phantom
  4181 | D:4      | Reached XP level 6. HP: 28/32 MP: 8/15
  4226 | D:4      | Killed a phantom
  4446 | D:4      | Noticed a phantom
  4482 | D:4      | Killed a phantom
  4728 | D:3      | Reached skill level 5 in Spellcasting
  4800 | D:3      | Reached XP level 7. HP: 36/36 MP: 10/18
  4826 | D:3      | Learned a level 5 spell: Lee's Rapid Deconstruction
  5539 | D:3      | Found a burning altar of Makhleb.
  5643 | D:2      | Killed Sigmund
  5643 | D:2      | Reached skill level 6 in Earth Magic
  5728 | D:5      | Entered Level 5 of the Dungeon
  5834 | D:5      | Slain by an iguana

Action                   |  1- 3 |  4- 6 |  7- 9 || total
-------------------------+-------+-------+-------++-------
Melee: Unarmed           |    61 |    29 |       ||    90
       Whip              |       |       |     4 ||     4
 Cast: Sandblast         |    85 |   147 |    93 ||   325
  Use: Scroll            |     6 |     1 |       ||     7
  Eat: Chunk             |     5 |     7 |     3 ||    15
